 Dungeon Crawl Stone Soup version 0.26-a0-682-g294304f6e8 (webtiles) character file.

Game seed: 10373066281927517083

6834 Decritt the Cleaver (level 10, -9/93 HPs)
             Began as a Minotaur Fighter on Oct 20, 2020.
             Was a Believer of Okawaru.
             Mangled by an orc warrior
             ... wielding a +0 dire flail
              (20 damage)
             ... on level 10 of the Dungeon.
             The game lasted 00:28:06 (8939 turns).

Decritt the Cleaver (Minotaur Fighter)              Turns: 8939, Time: 00:28:07

Health: -9/93      AC: 11    Str: 28    XL:     10   Next: 77%
Magic:  9/9        EV: 17    Int:  5    God:    Okawaru [**....]
Gold:   540        SH: 12    Dex: 12    Spells: 9/9 levels left

rFire    + + .     SeeInvis .   o - +1 hand axe (freeze)
rCold    x . .     Faith    .   c - +0 kite shield
rNeg     . . .     Spirit   .   b - +0 fire dragon scales
rPois    .         Reflect  .   (helmet restricted)
rElec    .         Harm     .   (no cloak)
rCorr    .         Rampage  .   (no gloves)
MR       .....                  (no boots)
Stlth    ..........             (no amulet)
HPRegen  0.25/turn              f - +6 ring of strength
MPRegen  0.11/turn              y - +4 ring of evasion

@: no status effects
A: retaliatory headbutt, horns 2
a: Heroism, Renounce Religion


You were on level 10 of the Dungeon.
You worshipped Okawaru.
Okawaru was pleased with you.
You visited 2 branches of the dungeon, and saw 11 of its levels.

You collected 540 gold pieces.

Inventory:

Hand Weapons
 o - a +1 hand axe of freezing (weapon)
 G - a +1 morningstar of flaming
Missiles
 e - a silver boomerang (quivered)
 C - 4 boomerangs of dispersal
 F - a throwing net
Armour
 b - +0 fire dragon scales (worn)
 c - a +0 kite shield (worn)
Jewellery
 f - a +6 ring of strength (left hand)
 k - an uncursed ring of resist corrosion
 w - an uncursed ring of see invisible
 x - an uncursed ring of protection from cold
 y - a +4 ring of evasion (right hand)
 L - an uncursed ring of positive energy
Wands
 j - a wand of paralysis (27)
 n - a wand of flame (20)
 v - a wand of acid (10)
 J - a wand of polymorph (11)
Scrolls
 a - a scroll of random uselessness {unknown}
 h - 3 scrolls of enchant armour
 i - 4 scrolls of magic mapping
 m - a scroll of fog {unknown}
 p - 6 scrolls of teleportation
 q - a scroll of fear {unknown}
 r - a scroll of identify
 t - a scroll of noise {unknown}
 H - a scroll of remove curse {unknown}
 K - a scroll of vulnerability {unknown}
Potions
 l - a potion of heal wounds
 s - 3 potions of curing
 u - a potion of flight
 z - a potion of lignification {unknown}
 E - a potion of magic


   Skills:
 * Level 9.8 Fighting
 * Level 10.4 Axes
 + Level 9.1 Armour
 + Level 7.5 Dodging
 + Level 9.0 Shields


You had 9 spell levels left.
You didn't know any spells.
Your spell library contained the following spells:

 Spells                   Type           Power        Failure   Level
 Magic Dart               Conj           #...         95%         1
 Blink                    Tloc           N/A          98%         2
 Call Imp                 Summ           #.......     98%         2
 Slow                     Hex            #.......     98%         2
 Conjure Flame            Conj/Fire      #.......     100%        3
 Mephitic Cloud           Conj/Pois/Air  #.......     100%        3


Dungeon Overview and Level Annotations

Branches:
Dungeon (10/15)            Temple (1/1) D:5             Orc (0/2) D:10
   Lair: D:8-11

Altars:
Ashenzari
Cheibriados
Dithmenos
Elyvilon
Fedhas
Gozag
Hepliaklqana
Kikubaaqudgha
Makhleb
Nemelex Xobeh
Okawaru
Qazlal
Ru
Sif Muna
Trog
Uskayaw
Vehumet
Wu Jian
Xom
Yredelemnul
Zin
The Shining One

Shops:
D:6 *

Annotations:
D:6 3 runed translucent doors, P0WERM0DE's ghost, novice MiCK


Innate Abilities, Weirdness & Mutations

You reflexively headbutt those who attack you in melee.
You have a pair of horns on your head.


Message History

You block the orc warrior's attack.
You hit the orc warrior but do no damage.
The orc warrior is heavily wounded.
You hit the big kobold. You freeze the big kobold.
You block the big kobold's attack. The orc warrior closely misses you.
You furiously retaliate!
You headbutt the orc warrior, but do no damage.
You closely miss the orc warrior. You headbutt the orc warrior.
The orc warrior is heavily wounded.
You closely miss the big kobold. The big kobold completely misses you.
The orc warrior completely misses you.
You hit the orc warrior but do no damage.
The orc warrior is heavily wounded.
You hit the big kobold. You freeze the big kobold.
The big kobold hits you but does no damage.
You hit the orc warrior but do no damage.
The orc warrior is heavily wounded.
You hit the big kobold but do no damage.
The orc warrior hits you with a +0 dire flail!!
You die...

#'###########.....####+
...#........#.#######
...#........#.# ..8#
...#######..#.# ...#
...#######..'.# >..#
.........#..#.# ...#
.........#..#.# ..8
...#######..#)###K###.#
...#### #..#.))@o....#
......#.......#########
......#.......#
......#.......#
......#.......#
......#.......#
......#.......#
#######.......


You could see an orc warrior and a big kobold.

Vanquished Creatures
  Harold (D:7)
  The ghost of Hastur the Fighter, a novice OgHu of Okawaru (D:7)
  Joseph (D:7)
  Maggie (D:7)
  A troll (D:10)
  Sigmund (D:4)
  A spriggan (D:8)
  2 humans (D:7)
  Edmund (D:4)
  Duvessa (D:4)
  3 orc warriors (D:10)
  3 black bears
  2 sky beasts
  3 ogres
  A necrophage (D:6)
  5 centaurs
  A big kobold (D:10)
  4 bullfrogs
  3 gnoll sergeants (D:10)
  Dowan (D:4)
  3 scorpions
  4 wights (D:10)
  6 howler monkeys
  2 centaur zombies
  3 jellies
  3 centaur skeletons
  5 hounds
  4 orc priests
  3 orc wizards (D:4)
  A bullfrog skeleton (D:7)
  5 iguanas
  Terence (D:3)
  4 worker ants
  4 hound zombies
  A hound skeleton (D:5)
  6 gnolls
  2 worker ant zombies
  17 adders
  3 white imps
  An ufetubus (D:3)
  2 oozes
  5 worms
  5 dart slugs
  6 leopard geckos
  23 orcs
  5 giant cockroaches
  7 goblins
  9 hobgoblins
  17 jackals
  3 quokkas
  5 bats
  6 frilled lizards
  5 kobolds
  3 rats
216 creatures vanquished.

Notes
Turn   | Place    | Note
-------+----------+-------------------------------------------
     0 | D:1      | Decritt the Minotaur Fighter began the quest for the Orb.
     0 | D:1      | Reached XP level 1. HP: 19/19 MP: 0/0
   166 | D:1      | Reached XP level 2. HP: 27/27 MP: 1/1
   169 | D:1      | Reached skill level 3 in Axes
   642 | D:2      | Reached XP level 3. HP: 34/34 MP: 2/2
  1039 | D:2      | Reached skill level 4 in Axes
  1129 | D:2      | Reached XP level 4. HP: 41/41 MP: 3/3
  1133 | D:2      | Reached skill level 5 in Fighting
  1910 | D:3      | Noticed Terence
  1931 | D:3      | Killed Terence
  2080 | D:3      | Found a sacrificial altar of Ru.
  2104 | D:3      | Reached XP level 5. HP: 44/48 MP: 4/4
  2721 | D:3      | Reached skill level 5 in Axes
  2881 | D:4      | Noticed Duvessa
  2881 | D:4      | Noticed Dowan
  2893 | D:4      | Killed Duvessa
  2893 | D:4      | Reached XP level 6. HP: 47/58 MP: 5/5
  2897 | D:4      | Killed Dowan
  3048 | D:4      | Reached skill level 6 in Axes
  3163 | D:4      | Noticed Sigmund
  3175 | D:4      | Killed Sigmund
  3175 | D:4      | Reached skill level 1 in Dodging
  3175 | D:4      | Reached XP level 7. HP: 65/66 MP: 6/6
  3832 | D:4      | Noticed Edmund
  3843 | D:4      | Killed Edmund
  3843 | D:4      | Reached skill level 5 in Armour
  3941 | D:4      | Reached skill level 5 in Shields
  3963 | D:4      | Reached skill level 7 in Axes
  3964 | D:4      | Reached XP level 8. HP: 61/73 MP: 7/7
  4186 | D:5      | Entered Level 5 of the Dungeon
  4299 | D:5      | Found a staircase to the Ecumenical Temple.
  4312 | Temple   | Entered the Ecumenical Temple
  4406 | Temple   | Became a worshipper of the Shining One
  4751 | D:5      | Found a sparkling altar of Nemelex Xobeh.
  4751 | D:5      | Found a shimmering blue altar of Sif Muna.
  4754 | D:5      | Found a broken altar of Ashenzari.
  4777 | D:5      | Found a glowing golden altar of the Shining One.
  5697 | D:6      | Found a runed translucent gate.
  5697 | D:6      | Found a runed translucent gate.
  5697 | D:6      | Found a runed translucent gate.
  5697 | D:6      | Noticed P0WERM0DE's ghost (novice MiCK)
  5799 | D:6      | Reached skill level 5 in Dodging
  5825 | D:6      | Reached * piety under the Shining One
  5836 | D:6      | Reached XP level 9. HP: 69/79 MP: 8/8
  5962 | D:6      | Found Mietedd's General Store.
  6722 | D:7      | Found a runed translucent door.
  6723 | D:7      | Noticed Hastur's ghost (novice OgHu)
  6803 | D:7      | Reached skill level 8 in Axes
  6931 | D:7      | Noticed Harold
  6934 | D:7      | Noticed Joseph
  6957 | D:7      | Killed Harold
  6964 | D:7      | Killed Joseph
  6964 | D:7      | Reached skill level 9 in Axes
  7364 | D:7      | Noticed Maggie
  7376 | D:7      | Killed Maggie
  7376 | D:7      | Reached XP level 10. HP: 75/89 MP: 9/9
  7546 | D:7      | Found an iron altar of Okawaru.
  7566 | D:7      | Fell from the grace of the Shining One
  7566 | D:7      | Became a worshipper of Warmaster Okawaru
  7654 | D:7      | Killed Hastur's ghost
  7654 | D:7      | Reached * piety under Okawaru
  8458 | D:9      | Reached skill level 10 in Axes
  8692 | D:10     | Entered Level 10 of the Dungeon
  8831 | D:10     | Found a staircase to the Orcish Mines.
  8879 | D:10     | Reached ** piety under Okawaru
  8939 | D:10     | Mangled by an orc warrior

Illustrated notes

Levels and vault maps discovered:
D:1:      tarquinn_simple_flora_water_c, layout_basic
D:2:      layout_loops_corners, grunt_decor_arrowhead
D:3:      layout_basic, nicolae_overflow_crystal_walls, uniq_terence
D:4:      layout_loops_cross, grunt_ministairs_12, minmay_splitting_lines,
          uniq_duvessa, uniq_sigmund, uniq_edmund
D:5:      layout_basic, chequers_temple_overflow_statue_of_worship,
          minmay_temple_entry_junction, basic_altar, grunt_tough_drop
D:6:      cheibrodos_barr_body, layout_cave_pods, serial_shops, shop,
          portal_sewer_entry_d, ebering_ghost_rock_garden, st_stairs_6,
          chequers_avenue, minmay_manual_monstrance
D:7:      layout_loops_ring, okawaru_humans, gammafunk_ghost_grave, uniq_joseph,
          uniq_maggie, uniq_harold
D:8:      layout_cave_pools, the_bakery
D:9:      layout_rooms
D:10:     layout_stronghold, kennysheep_orc_monster_closet_entryway
Temple:   minmay_crystal_spiral_temple

Skill      XL: |  1  2  3  4  5  6  7  8  9 10 |
---------------+-------------------------------+-----
Fighting       | 4 5 6 7 8 9 |  9.8
Axes           | 3 4 5 6 7 9 10 | 10.4
Armour         | 4 5 7 8 9 |  9.1
Dodging        | 1 3 5 6 7 |  7.5
Shields        | 4 5 6 8 9 |  9.0

Action                   |  1- 3 |  4- 6 |  7- 9 | 10-12 || total
-------------------------+-------+-------+-------+-------++-------
Melee: War axe           |    92 |    94 |       |       ||   186
       Headbutt          |    12 |    23 |    67 |    42 ||   144
       Hand axe          |       |    49 |   253 |   124 ||   426
       Morningstar       |       |       |       |    51 ||    51
Throw: Boomerang         |       |    55 |    95 |    58 ||   208
  Use: Scroll            |       |     3 |     2 |     4 ||     9
       Potion            |       |       |       |     2 ||     2
Armor: Chain mail        |    43 |    68 |    58 |       ||   169
       Scale mail        |     4 |       |       |       ||     4
       Skin              |       |     8 |       |       ||     8
       Fire dragon scale |       |       |     9 |    39 ||    48
Dodge: Dodged            |    13 |    27 |    61 |    69 ||   170
Block: Kite shield       |    54 |    66 |   119 |   102 ||   341

Table legend: (Time is in decaauts)
 A = Elapsed time spent in this place.
 B = Non-inter-level travel time spent in this place.
 C = Inter-level travel time spent in this place.
 D = Time resting spent in this place.
 E = Time spent auto-exploring this place.
 F = Levels seen in this place.
 G = Mean time per level.
                   A        B        C        D        E       F      G
               +--------+--------+--------+--------+--------+-----+--------+
         Total |   9071 |   8669 |    402 |    196 |   6703 |  11 |  824.6 |
       Dungeon |   8891 |   8573 |    318 |    196 |   6680 |  10 |  889.1 |
        Temple |    179 |     95 |     84 |      0 |     23 |   1 |  179.0 |
               +--------+--------+--------+--------+--------+-----+--------+

Top non-repeatable levels by time:
     D:2: 1416 daAuts
     D:4: 1332 daAuts
     D:7: 1299 daAuts
     D:6: 1263 daAuts
     D:3: 988 daAuts
     D:5: 830 daAuts
     D:1: 551 daAuts
     D:8: 537 daAuts
     D:9: 438 daAuts
    D:10: 233 daAuts
  Temple: 179 daAuts
